 Dungeon Crawl Stone Soup version 0.31-a0-977-gc230f8ef24 (webtiles) character file.

Game seed: 6654246680685429513

89075 jasper the Zephyrmancer (level 15, -2/122 HPs)
             Began as a Demonspawn Cinder Acolyte on Oct 29, 2023.
             Was a Priest of Ashenzari.
             Slain by a +5 long sword (19 damage)
             ... on level 12 of the Dungeon.
             The game lasted 01:15:55 (29363 turns).

jasper the Zephyrmancer (DsCA)                     Turns: 29363, Time: 01:15:56

Health: -2/122     AC:  9    Str: 18    XL:     15   Next: 48%
Magic:  0/30       EV: 15    Int: 29    God:    Ashenzari [***...]
Gold:   1497       SH:  8    Dex: 15    Spells: 1/36 levels left

rFire   + . .        a - +2 falchion (flame)
rCold   + . .        V - +2 buckler of Ashenzari's Portent {Elem, Fort} (curse)
rNeg    . . .        F - +3 steam dragon scales
rPois   +            (helmet unavailable)
rElec   .            T - scarf of the Manifest Fallacy {rC+ rF+, Elem, Alch} (curse)
rCorr   +            d - +0 pair of gloves of the All-seeing Ethics {Self, Melee} (curse)
SInv    +            (no boots)
Will    +....        v - amulet of Ashenzari's Soothsayer {RegenMP rPois Regen+ Slay-3, Elem, Self} (curse)
Stlth   +            e - ring "Share My Submission" {Int+6, Elem, Dev} (curse)
HPRegen 1.20/turn    L - ring of the Forsaken Realms {rCorr Dex+6 Slay-3 SInv}
MPRegen 0.84/turn

%: clarity, guardian spirit
@: slightly contaminated
A: antennae 3, powered by death 2, magic shield, magic regeneration, big brain 2
a: Renounce Religion, Curse Item, Shatter the Chains


You were on level 12 of the Dungeon.
You worshipped Ashenzari.
Ashenzari was most pleased with you.
You visited 5 branches of the dungeon, and saw 24 of its levels.
You also visited: Sewer and Gauntlet.

You collected 2568 gold pieces.
You spent 1071 gold pieces at shops.

Inventory:

Hand Weapons
 a - a +2 falchion of flaming (weapon)
 j - a +2 antimagic demon whip
Missiles
 f - 7 curare-tipped darts
 A - a throwing net
Armour
 c - the +0 pair of gloves of the Shishi {Will+}
   (You found it in a Gauntlet)

   Will+:     It increases your willpower.
 d - the cursed +0 pair of gloves of the All-seeing Ethics (worn) {Self, Melee}
   (You found it on level 4 of the Lair of Beasts)

   It has a curse which improves the following skills: Introspection: Fighting
   and Spellcasting.
   Melee Combat: Short Blades, Long Blades, Axes, Maces & Flails, Polearms,
   Staves and Unarmed Combat.
 F - +3 steam dragon scales (worn)
 T - the cursed scarf of the Manifest Fallacy (worn) {rC+ rF+, Elem, Alch}
   (You found it on level 11 of the Dungeon)

   It has a curse which improves the following skills: Elements: Fire Magic, Ice
   Magic, Air Magic and Earth Magic.
   Alchemy:   Poison Magic and Transmutations.
 V - the cursed +2 buckler of Ashenzari's Portent (worn) {Elem, Fort}
   (You took it off a spriggan on level 5 of the Lair of Beasts)

   It has a curse which improves the following skills: Elements: Fire Magic, Ice
   Magic, Air Magic and Earth Magic.
   Fortitude: Armour and Shields.
Jewellery
 b - a ring of fire
 e - the cursed ring "Share My Submission" (left hand) {Int+6, Elem, Dev}
   (You bought it in a shop on level 3 of the Dungeon)

   [ring of intelligence]

   Int+6:     It affects your intelligence (+6).
   It has a curse which improves the following skills: Elements: Fire Magic, Ice
   Magic, Air Magic and Earth Magic.
   Devices:   Evocations and Shapeshifting.
 o - a ring of ice
 r - a +5 ring of evasion
 t - a +6 ring of dexterity
 v - the cursed amulet of Ashenzari's Soothsayer (around neck) {RegenMP rPois Regen+ Slay-3, Elem, Self}
   (You bought it in a shop on level 3 of the Dungeon)

   [amulet of magic regeneration]

   RegenMP:   It increases your rate of magic regeneration.
   Slay-3:    It affects your accuracy & damage with ranged weapons and melee
   (-3).
   rPois:     It protects you from poison Regen+: It increases your rate of
   health regeneration.
   It has a curse which improves the following skills: Elements: Fire Magic, Ice
   Magic, Air Magic and Earth Magic.
   Introspection: Fighting and Spellcasting.
 w - a ring of flight
 D - a ring of positive energy
 H - a ring of poison resistance
 J - a ring of resist corrosion
 K - a +5 ring of evasion
 L - the ring of the Forsaken Realms (right hand) {rCorr Dex+6 Slay-3 SInv}
   (You found it on level 9 of the Dungeon)

   [ring of dexterity]

   Dex+6:     It affects your dexterity (+6).
   Slay-3:    It affects your accuracy & damage with ranged weapons and melee
   (-3).
   SInv:      It lets you see invisible.
   rCorr:     It protects you from acid and corrosion.
Wands
 m - a wand of polymorph (12)
 p - a wand of paralysis (21)
 u - a wand of roots (7)
 E - a wand of flame (70)
 N - a wand of digging (10)
 U - a wand of mindburst (6)
Scrolls
 l - 2 scrolls of noise
 q - 2 scrolls of vulnerability
 x - a scroll of immolation
 y - 3 scrolls of amnesia
 B - 5 scrolls of identify
 C - 2 scrolls of silence
 M - 3 scrolls of brand weapon
 O - 2 scrolls of teleportation
 P - 2 scrolls of poison
 Q - a scroll of blinking
 X - a scroll of torment
 Y - a scroll of revelation
Potions
 g - a potion of cancellation
 h - 11 potions of attraction
 i - 5 potions of haste
 k - 5 potions of heal wounds
 n - 8 potions of curing
 s - 3 potions of enlightenment
 z - 2 potions of brilliance
 G - 5 potions of lignification
 R - a potion of berserk rage
 S - 4 potions of might
 W - a potion of invisibility
 Z - 6 potions of mutation
Miscellaneous
 I - a lightning rod (4/4)


   Skills:
 - Level 10.6(12.8) Fighting
 - Level 3.4(4.8) Long Blades
 - Level 7.3 Dodging
 - Level 5.0(6.4) Shields
 - Level 9.2(11.4) Spellcasting
 + Level 9.3 Conjurations
 - Level 11.4(15.0) Fire Magic
 - Level 4.0(7.3) Ice Magic
 - Level 14.0(17.6) Air Magic
 + Level 4.1(7.4) Earth Magic
 - Level 2.1(3.3) Poison Magic


You had one spell level left.
You knew the following spells:

 Your Spells              Type           Power      Damage    Failure   Level
a - Scorch                Fire           100%       2d9       0%          2
b - Mephitic Cloud        Conj/Pois/Air  66%        N/A       1%          3
c - Arcjolt               Conj/Air       38%        1d48      1%          5
d - Freezing Cloud        Conj/Ice/Air   35%        6-21      1%          5
e - Ignite Poison         Fire/Tmut/Pois 51%        N/A       1%          3
f - Plasma Beam           Fire/Air       42%        2x1d56    1%          6
g - Apportation           Tloc           32%        N/A       4%          1
h - Summon Lightning Spi  Summ/Air       61%        N/A       1%          4
i - Bombard               Conj/Erth      30%        9d5       21%         6

Your spell library contained the following spells:

 Spells                   Type           Power      Damage    Failure   Level
 Cigotuvi's Dreadful Rot  Necr/Pois/Air  100%       N/A       1%          2
 Poisonous Vapours        Pois/Air       100%       N/A       1%          2
 Frozen Ramparts          Ice            100%       1d16      1%          3
 Volatile Blastmotes      Fire/Tloc      100%       2d18      1%          3
 Vhi's Electric Charge    Tloc/Air       100%       N/A       1%          4
 Iskenderun's Battlesphe  Conj           63%        2d11      2%          5
 Lee's Rapid Deconstruct  Erth           28%        3d15*     5%          5
 Jinxbite                 Hex            32%        N/A       6%          2
 Lesser Beckoning         Tloc           32%        N/A       6%          2
 Fulminant Prism          Conj/Hex       21%        3d12      6%          4
 Iskenderun's Mystic Bla  Conj/Tloc      43%        2d10      6%          4
 Animate Armour           Summ/Erth      76%        N/A       9%          4
 Petrify                  Tmut/Erth      38%        N/A       9%          4
 Gell's Gravitas          Tloc           16%        N/A       12%         3
 Teleport Other           Tloc           16%        N/A       12%         3
 Metabolic Englaciation   Hex/Ice        18%        N/A       24%         5
 Alistair's Intoxication  Tmut/Pois      17%        N/A       47%         5
 Summon Forest            Summ/Tloc      8%         N/A       73%         5
 Eringya's Noxious Bog    Tmut/Pois      13%        4d6       96%         6
 Spellforged Servitor     Conj/Summ      21%        N/A       99%         7
 Summon Hydra             Summ           8%         N/A       100%        7


Dungeon Overview and Level Annotations

Branches:
Dungeon (15/15)            Temple (1/1) D:4            Lair (5/5) D:9
 Shoals (0/4) Lair:2       Spider (0/4) Lair:3        Slime (1/5) Lair:4
    Orc (2/2) D:12            Elf (0/3) Orc:2        Vaults (0/5) D:13
 Depths (0/4) D:15          Sewer (visited)         Gauntlet (visited)

Altars:
Ashenzari
Cheibriados
Dithmenos
Fedhas
Gozag
Hepliaklqana
Kikubaaqudgha
Makhleb
Nemelex Xobeh
Okawaru
Qazlal
Ru
Sif Muna
Trog
Uskayaw
Vehumet
Wu Jian
Xom
Yredelemnul

Shops:
D:3 =   Orc:1 !   Orc:2 *=[[

Portals:
Trove: D:14 (give 19 potions of curing)

Annotations:
D:4 1 runed translucent door, deremet's ghost, amateur HORe
D:7 3 runed translucent doors, sammy202020's ghost, novice GrBe
D:13 1 runed translucent door, soul19's ghost, journeyman DsFi
Orc:2 2 transporters, sircluck's ghost, journeyman TrBe


Innate Abilities, Weirdness & Mutations

You have a pair of large antennae on your head. (SInv)
You regenerate health from kills.
When hurt, damage is shared between your health and your magic reserves.
You regenerate magic rapidly.
You have an extremely huge brain. (Int +4)


Message History

Aim: a +5 long sword (heavily damaged, 48% to hit)
You miscast Bombard.
Energy rips through your body! The +5 long sword closely misses you.
You take 11 damage, and have 71/122 hp.
You now have 3/30 mp.
The +5 long sword attacks as it pursues you!
The +5 long sword hits you! The +5 long sword barely misses you.
There is a stone staircase leading down here.
You take 6 damage, and have 65/122 hp.
The +5 long sword completely misses you.
You climb downwards.
There is a stone staircase leading up, spattered with blood here.
You regained 3 hp, and now have 68/122 hp.
You regained 2 mp, and now have 6/30 mp.
Casting: Bombard (dangerous; 21% risk of failure)
Confirm with . or Enter, or press ? or * to list all spells.
Aiming: Bombard (dangerous; 21% risk of failure)
Press: ? - help, Shift-Dir - straight line, f - +5 long sword
Aim: a +5 long sword (moderately damaged, 48% to hit)
You miscast Bombard.
You are lightly contaminated with residual magic.
You are hit by flying rocks.
The +5 long sword hits you!! x2
* * * LOW HITPOINT WARNING * * *
You take 41 damage, and have 27/122 hp.
MASSIVE DAMAGE!!
You now have 1/30 mp.
Blink to where?
Press: ? - help, Dir - move target, f - you, p - +5 long sword
Okay, then.
Unknown command.
Unknown command.
Unknown command.
Unknown command.
Unknown command.
The +5 long sword hits you!
* * * LOW HITPOINT WARNING * * *
You take 9 damage, and have 18/122 hp.
The +5 long sword hits you.
* * * LOW HITPOINT WARNING * * *
You take 3 damage, and have 16/122 hp.
The +5 long sword attacks as it pursues you!
The +5 long sword hits you!!
You die...

######### ######
#.......#
####....#####.......#
............#..#.#..#
...#..#.#.#.#......##
#...........#..#.#.#
..###.#.#.#.#......#
#.###.........##@###
......#.#.#..###(#
...............#.##
.........#.#.#.#..#
...............#<.##
................>..#
..###....#..##.#.###
##### ..#
#.####.....#...####...#
..# #.#
#..#.....#..##..#.#


You could see a +5 long sword.

Vanquished Creatures
  Rupert (Lair:5)
  A balrug (Gauntlet)
  An orc warlord (Orc:2)
  A minotaur (Gauntlet)
  A rakshasa (D:15)
  A vault guard (D:13)
  5 hydras
  4 boulder beetles
  2 catoblepae
  4 centaur warriors
  A tengu warrior (D:14)
  2 two-headed ogres (D:11)
  6 death yaks (Lair:4)
  An occultist (D:15)
  3 orc high priests (Orc:2)
  A fire crab (Gauntlet)
  2 mana vipers (shapeshifter)
  5 orc knights
  A deep elf zephyrmancer (D:15)
  4 deep elf pyromancers
  7 orc sorcerers
  A necromancer (D:15)
  13 ugly things
  5 cyclopes
  A manticore (D:12)
  4 black mambas
  Joseph (D:7)
  16 elephants
  3 torpor snails
  16 cane toads
  6 kobold demonologists
  An unseen horror (D:10)
  9 komodo dragons
  A tengu conjurer (D:14)
  3 rime drakes (Lair:3)
  3 yaktaurs (D:15)
  4 polar bears
  9 trolls
  A meliai (shapeshifter) (D:13)
  6 hornets
  7 blink frogs
  5 dream sheep
  4 jumping spiders (Lair:3)
  A centaur simulacrum (D:14)
  11 spriggans (Lair:5)
  4 wraiths
  A shadow (D:8)
  5 slime creatures (D:15)
  14 fire elementals
  7 fire bats
  6 basilisks
  4 wyverns
  15 yaks
  A human (D:12)
  Grum (D:8)
  A redback (Lair:3)
  3 steam dragons
  3 vampire mosquitoes (D:12)
  Menkaure (D:7)
  6 wargs
  2 acid dragons
  23 water moccasins
  2 hell hounds (Gauntlet)
  22 orc warriors
  An ice beast (D:8)
  A hornet zombie (D:6)
  7 black bears
  3 boggarts (Lair:5)
  4 ogres
  25 wolves
  9 centaurs
  6 phantoms
  4 kobold brigands
  11 bullfrogs
  A gnoll sergeant (D:8)
  8 scorpions
  15 wights
  14 killer bees
  7 electric eels
  2 centaur zombies
  2 quasits (D:6)
  2 bullfrog zombies (D:6)
  A bullfrog skeleton (D:6)
  7 jellies
  A gnoll bouda (D:8)
  2 centaur skeletons
  5 hounds
  23 orc priests
  5 iguanas
  22 orc wizards
  4 sleepcaps
  9 hell rats
  A killer bee zombie (D:6)
  A boggart skeleton (D:15)
  A howler monkey zombie (D:6)
  14 gnolls
  9 adders
  3 shadow imps
  9 white imps
  4 ufetubi (D:7)
  3 dart slugs
  4 worms
  64 orcs
  12 ball pythons
  5 bats
  10 endoplasms
  3 giant cockroaches
  10 goblins
  10 hobgoblins
  6 quokkas
  3 frilled lizards
  19 kobolds
  10 rats
708 creatures vanquished.

Vanquished Creatures (collateral kills)
  2 killer bees (D:9)
2 creatures vanquished.

Grand Total: 710 creatures vanquished

Notes
Turn   | Place    | Note
-------+----------+-------------------------------------------
     0 | D:1      | jasper the Demonspawn Cinder Acolyte began the quest for
                  | the Orb.
     0 | D:1      | Reached XP level 1. HP: 18/18 MP: 2/2
   198 | D:1      | Gained mutation: You have a pair of small antennae on your
                  | head. [demonic ancestry]
   198 | D:1      | Reached XP level 2. HP: 4/24 MP: 3/3
   612 | D:1      | Gained mutation: You have an unusually large brain. (Int
                  | +2) [demonic ancestry]
   612 | D:1      | Reached XP level 3. HP: 28/29 MP: 4/4
   615 | D:1      | Learned a level 2 spell: Scorch
  1741 | D:3      | Found a burning altar of Makhleb.
  1906 | D:3      | Gained mutation: You regenerate magic rapidly. [demonic
                  | ancestry]
  1906 | D:3      | Reached XP level 4. HP: 37/37 MP: 2/5
  1924 | D:3      | Found Teafo's Jewellery Boutique.
  2310 | D:3      | Found a glowing drain.
  2335 | Sewer    | Entered a sewer
  2500 | Sewer    | Noticed a kobold brigand
  2512 | Sewer    | Killed a kobold brigand
  2513 | Sewer    | Gained mutation: You have a pair of antennae on your head.
                  | [demonic ancestry]
  2513 | Sewer    | Reached XP level 5. HP: 35/42 MP: 2/7
  3108 | D:4      | Noticed deremet's ghost (amateur HORe)
  3120 | D:4      | Found a runed translucent door.
  3280 | D:4      | Reached XP level 6. HP: 49/49 MP: 2/9
  3322 | D:4      | Found a staircase to the Ecumenical Temple.
  3327 | Temple   | Entered the Ecumenical Temple
  3634 | D:4      | Found a hazy altar of Hepliaklqana.
  3664 | D:4      | Found a bloodstained altar of Trog.
  4004 | D:5      | Entered Level 5 of the Dungeon
  4212 | D:5      | Reached skill level 5 in Fire Magic
  4304 | D:5      | Found a sacrificial altar of Ru.
  4396 | D:5      | Gained mutation: You have a pair of large antennae on your
                  | head. (SInv) [demonic ancestry]
  4396 | D:5      | Reached XP level 7. HP: 55/55 MP: 4/11
  4455 | D:5      | Reached skill level 5 in Fighting
  4682 | D:5      | Learned a level 3 spell: Mephitic Cloud
  5131 | D:5      | Reached skill level 1 in Conjurations
  5252 | D:5      | Found a broken altar of Ashenzari.
  5269 | D:5      | Reached skill level 1 in Poison Magic
  5272 | D:5      | Reached skill level 1 in Air Magic
  5726 | D:5      | Gained mutation: When hurt, damage is shared between your
                  | health and your magic reserves. [demonic ancestry]
  5726 | D:5      | Reached XP level 8. HP: 52/62 MP: 5/13
  5737 | D:5      | Reached skill level 2 in Air Magic
  6166 | D:6      | Reached skill level 3 in Air Magic
  6352 | D:6      | Reached skill level 5 in Spellcasting
  6599 | D:6      | Learned a level 5 spell: Arcjolt
  6605 | D:6      | Learned a level 5 spell: Freezing Cloud
  7288 | D:7      | Reached skill level 1 in Dodging
  7288 | D:7      | Gained mutation: You regenerate a little health from kills.
                  | [demonic ancestry]
  7288 | D:7      | Reached XP level 9. HP: 64/68 MP: 2/17
  7648 | D:7      | Noticed Joseph
  7671 | D:7      | Reached skill level 4 in Air Magic
  7700 | D:7      | Killed Joseph
  7701 | D:7      | Reached skill level 5 in Conjurations
  7998 | D:7      | Reached skill level 5 in Air Magic
  8083 | D:7      | Found a snail-covered altar of Cheibriados.
  8249 | D:7      | Found a runed translucent gate.
  8251 | D:7      | Found a runed translucent gate.
  8252 | D:7      | Found a runed translucent gate.
  8254 | D:7      | Noticed sammy202020's ghost (novice GrBe)
  8374 | D:7      | Noticed Menkaure
  8388 | D:7      | Killed Menkaure
  8630 | D:3      | Bought the amulet of Wypohal {RegenMP rPois Regen+ Slay-3}
                  | for 360 gold pieces
  9003 | D:8      | Reached XP level 10. HP: 72/77 MP: 8/18
  9201 | D:8      | Reached skill level 6 in Air Magic
  9606 | D:8      | Noticed Grum
  9619 | D:8      | Killed Grum
  9824 | D:8      | Found an iron altar of Okawaru.
 10314 | D:9      | Reached skill level 7 in Air Magic
 10890 | D:9      | Identified the +0 robe of Qerriac {rF+}
 11006 | D:9      | Identified the +2 scale mail of Inuem {rF+}
 11049 | D:9      | Identified the ring of the Forsaken Realms {rCorr Dex+6
                  | Slay-3 SInv}
 11159 | D:9      | Found a staircase to the Lair.
 11246 | D:10     | Entered Level 10 of the Dungeon
 11763 | D:10     | Reached skill level 8 in Air Magic
 12156 | D:11     | Noticed a sun demon
 12262 | D:11     | Noticed a two-headed ogre
 12270 | D:10     | Reached skill level 1 in Ice Magic
 12270 | D:10     | Gained mutation: You regenerate health from kills. [demonic
                  | ancestry]
 12270 | D:10     | Reached XP level 11. HP: 81/82 MP: 14/21
 12379 | D:11     | Noticed a two-headed ogre
 12393 | D:11     | Killed a two-headed ogre
 12588 | D:11     | Killed a two-headed ogre
 13241 | D:12     | Found a staircase to the Orcish Mines.
 13249 | D:12     | Noticed a boulder beetle
 13273 | D:12     | Reached skill level 9 in Air Magic
 13278 | D:12     | Noticed a green ugly thing
 13295 | D:12     | Killed a green ugly thing
 13401 | D:12     | Killed a boulder beetle
 13488 | D:12     | Learned a level 3 spell: Ignite Poison
 13495 | D:12     | Learned a level 6 spell: Plasma Beam
 13603 | D:12     | Found a radiant altar of Vehumet.
 13834 | D:12     | Noticed a boulder beetle
 13844 | D:12     | Killed a boulder beetle
 13928 | Orc:1    | Entered Level 1 of the Orcish Mines
 14210 | Orc:2    | Entered Level 2 of the Orcish Mines
 14229 | Orc:2    | Noticed an orc knight
 14275 | Orc:1    | Killed an orc knight
 14276 | Orc:1    | Reached skill level 10 in Air Magic
 14662 | D:3      | Bought a +6 ring of intelligence for 432 gold pieces
 14775 | Lair:1   | Entered Level 1 of the Lair of Beasts
 14907 | Lair:1   | Gained mutation: You have an extremely huge brain. (Int +4)
                  | [demonic ancestry]
 14907 | Lair:1   | Reached XP level 12. HP: 80/89 MP: 12/24
 15997 | Lair:2   | Reached skill level 11 in Air Magic
 16335 | Lair:2   | Reached skill level 5 in Dodging
 16493 | Lair:2   | Found a staircase to the Shoals.
 16527 | Lair:2   | Found a hazy altar of Hepliaklqana.
 17083 | Lair:3   | Found a hole to the Spider Nest.
 17085 | Lair:3   | Noticed a five-headed hydra
 17094 | Lair:3   | Killed a five-headed hydra
 17296 | Lair:2   | Reached XP level 13. HP: 36/98 MP: 1/25
 18017 | Lair:4   | Reached skill level 12 in Air Magic
 18124 | Lair:4   | Found a staircase to the Slime Pits.
 18125 | Lair:4   | Identified a scroll of acquirement
 18126 | Lair:4   | Acquired 653 gold pieces
 18264 | Elf:3    | Identified the "Kejyc"
 18264 | Elf:3    | Identified the "Ygozed"
 18264 | Slime:1  | Entered Level 1 of the Pits of Slime
 18264 | Slime:1  | Noticed an acid blob
 18264 | Slime:1  | Noticed a formless jellyfish
 18264 | Slime:1  | Noticed a formless jellyfish
 18709 | Lair:4   | Reached skill level 10 in Fire Magic
 19050 | Lair:5   | Entered Level 5 of the Lair of Beasts
 19079 | Lair:5   | Noticed Rupert
 19657 | D:5      | Fell from the grace of Ignis
 19657 | D:5      | Became a worshipper of Ashenzari the Shackled
 19936 | Orc:2    | Found a radiant altar of Vehumet.
 20614 | Orc:1    | Found Plog's Distillery.
 20622 | Orc:1    | Bought a potion of curing for 54 gold pieces
 20622 | Orc:1    | Bought a potion of curing for 54 gold pieces
 20622 | Orc:1    | Bought a potion of cancellation for 144 gold pieces
 20882 | Orc:2    | Found a transporter.
 20884 | Orc:2    | Found a transporter.
 20896 | Orc:2    | Found a bloodstained altar of Trog.
 20921 | Orc:2    | Noticed an ettin
 20927 | Orc:2    | Noticed sircluck's ghost (journeyman TrBe)
 20995 | Orc:2    | Noticed an orc warlord
 21066 | Orc:2    | Paralysed by an orc sorcerer for 5 turns
 21165 | Orc:2    | Killed an orc warlord
 21735 | D:12     | HP: 5/101 [fire elemental[the fiery vengeance of Ignis]
                  | (9)]
 22013 | Orc:2    | Reached XP level 14. HP: 109/109 MP: 6/26
 22041 | Orc:2    | Reached skill level 13 in Air Magic
 22126 | Orc:2    | Found a staircase to the Elven Halls.
 22313 | Orc:2    | Found Zoim's Armour Emporium.
 22313 | Orc:2    | Found Poppoj's Assorted Antiques.
 22322 | Orc:2    | Found Eloameyd's Armour Boutique.
 22322 | Orc:2    | Found Tomnic's Jewellery Boutique.
 22332 | Orc:2    | Bought a scroll labelled FYLUKHASAN for 27 gold pieces
 22730 | Lair:5   | Reached * piety under Ashenzari
 23316 | Lair:5   | Reached skill level 1 in Shields
 23534 | Lair:5   | Paralysed by Rupert for 2 turns
 23571 | Lair:5   | Killed Rupert
 23811 | Lair:5   | Reached ** piety under Ashenzari
 23938 | Lair:5   | Reached skill level 5 in Shields
 24755 | D:10     | Was forgiven by Ignis
 25156 | D:13     | Found a runed translucent door.
 25157 | D:13     | Noticed soul19's ghost (journeyman DsFi)
 25183 | D:12     | Reached skill level 10 in Fighting
 25350 | D:13     | Identified the +3 leather armour "Goegur" {rC+}
 25392 | D:13     | Reached *** piety under Ashenzari
 25446 | D:13     | Found a gate to the Vaults.
 25825 | D:13     | Identified the +8 flail of the Egg {vamp, rPois rF- Dex+7}
 25936 | D:13     | Learned a level 1 spell: Apportation
 25941 | D:13     | Learned a level 4 spell: Summon Lightning Spire
 26439 | D:14     | Found a gate leading to a gauntlet.
 26450 | Gauntlet | Entered a Gauntlet
 26450 | Gauntlet | Found a transporter.
 26460 | Gauntlet | Found a transporter.
 26475 | Gauntlet | Found a transporter.
 26478 | Gauntlet | Noticed a balrug
 26480 | Gauntlet | Found a transporter.
 26495 | Gauntlet | Found a transporter.
 26495 | Gauntlet | Identified the ring of the King {rN+ EV+5 SInv}
 26513 | Gauntlet | Identified the +0 pair of gloves of the Shishi {Will+}
 26515 | Gauntlet | Found a transporter.
 26527 | Gauntlet | Found a transporter.
 26539 | Gauntlet | Found a transporter.
 26551 | Gauntlet | Found a transporter.
 26563 | Gauntlet | Found a transporter.
 26565 | Gauntlet | Identified the +0 pair of gloves of Resilience {Dex+2}
 26580 | Gauntlet | Found a transporter.
 26597 | Gauntlet | Found a transporter.
 26599 | Gauntlet | Found a transporter.
 26624 | Gauntlet | Found a transporter.
 26626 | Gauntlet | Found a transporter.
 26646 | Gauntlet | Found a transporter.
 26742 | Gauntlet | Found a transporter.
 26860 | Gauntlet | Found a transporter.
 26983 | Gauntlet | Killed a balrug
 27184 | D:14     | Reached XP level 15. HP: 122/122 MP: 19/30
 27394 | D:14     | Reached skill level 14 in Air Magic
 27843 | D:14     | Found a portal to a secret trove of treasure.
 28008 | D:14     | Learned a level 6 spell: Bombard
 28186 | D:15     | Entered Level 15 of the Dungeon
 28219 | D:15     | Reached skill level 1 in Earth Magic
 28404 | D:15     | Found a bloodstained altar of Trog.
 28726 | D:15     | Found a staircase to the Depths.
 29363 | D:12     | Slain by a +5 long sword

Illustrated notes

Levels and vault maps discovered:
D:1:      ncdulo_smallfort, layout_basic, chequers_mini_garden
D:2:      layout_loops_cross, serial_forest, infiniplex_forest_end_3,
          infiniplex_forest_straight_3, infiniplex_forest_lined_room_3,
          infiniplex_forest_straight_5, infiniplex_forest_straight_3,
          infiniplex_forest_fountain, kennysheep_cross_bottleneck,
          kennysheep_nondescript
D:3:      layout_rooms, zin_statuary, mainiacjoe_overflow_six_doors_small,
          serial_shops, shop, gup_sewer_entry_bubbles, grunt_decor_cap
D:4:      layout_loops_cross, mainiacjoe_overflow_two_lobes,
          minmay_temple_entry_proselytizer, hellmonk_ghost_happy_afterlife,
          sigmund_army
D:5:      layout_basic, mainiacjoe_overflow_large_starburst,
          kennysheep_small_square
D:6:      layout_cave_pools, serial_undead, serial_undead_c, serial_undead_b,
          serial_undead_e, serial_undead_e, serial_undead_f, serial_undead_b,
          st_stairs_9
D:7:      layout_rooms, general_overflow_altar, serial_demonic,
          serial_demonic_a, serial_demonic_f, serial_demonic_a,
          serial_demonic_c, ebering_ghost_rock_garden,
          nicolae_concentric_dashed_squares_mild, grunt_ministairs_12,
          uniq_joseph, uniq_menkaure
D:8:      layout_basic, okawaru_metal_pillars_3, chequers_ossuary_entry_cave,
          uniq_grum
D:9:      layout_loops_ring, lair_entry_dummy
D:10:     layout_basic, minmay_crystal_room
D:11:     layout_small_grid, elyvilon_altar_3
D:12:     layout_basic, erik_orc_4, serial_glass, glass_columns_b,
          glass_columns_c, glass_columns_c, glass_columns_c, glass_columns_c,
          glass_columns_a, glass_columns_b, glass_columns_b, glass_columns_a,
          glass_columns_a, interstate_on_off, minmay_strange_pillars,
          vehumet_altar_wand_db
D:13:     layout_loops_corners, erik_vaults_1, ebering_ghost_inner_flame,
          feat_on_display
D:14:     layout_irregular_city, enter_trove_0, gauntlet_entry_generic,
          tso_metal_star
D:15:     grunt_enter_depths_magical_seal, layout_loops_corners,
          trog_ov_bears_minmay
Temple:   jpeg_temple_clearing
Lair:1:   layout_regular_city, hibernation_bobbens, infiniplex_staircase_pool
Lair:2:   layout_cave_pods, minmay_shoals_entry_centaurs,
          lightli_volcano_entry_magma_tube, basic_altar, minivault_27
Lair:3:   layout_misc_corridors, spider_nest_entry_a
Lair:4:   layout_hall_layers, nicolae_slime_entry_slimehenge,
          serial_bayou_shore_b, lemuel_fruit_fields, lemuel_fruit_tree
Lair:5:   minmay_lair_end_enchanted_forest, layout_gridlike, st_stairs_7,
          serial_bayou_pond_e, serial_bayou_pond_b, wad_woods_river_01,
          uniq_rupert
Slime:1:  layout_caves
Orc:1:    layout_caves, serial_shops, nicolae_shop_industrial_runoff
Orc:2:    st_orc_elflike, layout_diamond_mine, basic_altar,
          gammafunk_ghost_wrathful_warriors

Skill      XL: |  1  2  3  4  5  6  7  8  9 10 11 12 13 14 15 |
---------------+----------------------------------------------+-----
Long Blades    | 3 |  3.4
Fire Magic     | 3 4 5 6 8 10 11 | 11.4
Fighting       | 4 5 6 8 9 10 | 10.6
Spellcasting   | 2 3 5 6 8 9 |  9.2
Conjurations   | 2 3 6 8 9 |  9.3
Poison Magic   | 2 |  2.1
Air Magic      | 1 3 5 8 10 11 12 13 14 | 14.0
Dodging        | 1 3 5 6 7 |  7.3
Ice Magic      | 1 3 4 |  4.0
Shields        | 5 |  5.0
Earth Magic    | 4 |  4.1

Action                     |  1- 3 |  4- 6 |  7- 9 | 10-12 | 13-15 || total
---------------------------+-------+-------+-------+-------+-------++-------
  Melee: Falchion          |   142 |    36 |    85 |   170 |    98 ||   531
         Punch             |     1 |       |     1 |     4 |     1 ||     7
  Throw: Dart              |       |     3 |       |       |       ||     3
   Cast: Scorch            |     1 |    82 |   240 |   260 |    14 ||   597
         Mephitic Cloud    |       |       |     1 |     6 |     8 ||    15
         Freezing Cloud    |       |       |       |    27 |    17 ||    44
         Arcjolt           |       |       |       |   105 |    52 ||   157
         Plasma Beam       |       |       |       |    26 |   331 ||   357
         Ignite Poison     |       |       |       |       |     1 ||     1
         Bombard           |       |       |       |       |     1 ||     1
 Invoke: Fiery Armour      |     3 |       |     2 |     1 |     2 ||     8
         Curse Item        |       |       |       |       |     5 ||     5
  Evoke: Wand              |       |       |     9 |    24 |     9 ||    42
         Lightning rod     |       |       |       |     7 |    14 ||    21
    Use: Scroll            |     2 |     5 |     8 |     8 |    16 ||    39
         Potion            |       |     6 |     4 |     1 |    10 ||    21
   Stab: Paralysed         |       |       |     6 |       |     3 ||     9
 Armour: Robe              |    38 |       |    41 |       |       ||    79
         Leather armour    |    25 |    42 |       |       |       ||    67
         Ring mail         |    33 |     1 |    22 |       |       ||    56
         Steam dragon scal |       |       |   160 |   469 |   424 ||  1053
         Skin              |       |       |    28 |       |       ||    28
  Dodge: Dodged            |    88 |    50 |   170 |   338 |   258 ||   904
  Block: Buckler           |       |       |       |       |    40 ||    40

Table legend: (Time is in decaauts)
 A = Elapsed time spent in this place.
 B = Non-inter-level travel time spent in this place.
 C = Inter-level travel time spent in this place.
 D = Time resting spent in this place.
 E = Time spent auto-exploring this place.
 F = Levels seen in this place.
 G = Mean time per level.
                   A        B        C        D        E       F      G
               +--------+--------+--------+--------+--------+-----+--------+
         Total |  29706 |  26734 |   2972 |   5833 |  14673 |  26 | 1142.5 |
       Dungeon |  18719 |  16298 |   2421 |   3236 |   9057 |  15 | 1247.9 |
        Temple |      1 |      1 |      0 |      0 |      0 |   1 |    1.0 |
          Lair |   6671 |   6249 |    422 |    977 |   3992 |   5 | 1334.2 |
    Slime Pits |      1 |      1 |      0 |      0 |      0 |   1 |    1.0 |
  Orcish Mines |   3016 |   2888 |    128 |   1445 |    891 |   2 | 1508.0 |
         Sewer |    618 |    618 |      0 |      8 |    432 |   1 |  618.0 |
      Gauntlet |    678 |    678 |      0 |    167 |    300 |   1 |  678.0 |
               +--------+--------+--------+--------+--------+-----+--------+

Top non-repeatable levels by time:
  Lair:5: 2056 daAuts
     D:5: 1948 daAuts
   Orc:2: 1897 daAuts
    D:12: 1791 daAuts
     D:7: 1624 daAuts
     D:6: 1622 daAuts
     D:8: 1249 daAuts
     D:4: 1240 daAuts
  Lair:1: 1230 daAuts
     D:9: 1225 daAuts
  Lair:4: 1215 daAuts
  Lair:2: 1203 daAuts
    D:10: 1195 daAuts
    D:14: 1146 daAuts
    D:15: 1128 daAuts
